Map: Echo LE

Players

desRow

  • Race: Protoss Protoss
  • Spawn Location: 11:00

souL - Winner!

  • Race: Zerg Zerg
  • Spawn Location: 5:00

Event: LycanGTV LotV Beta Tournament 1

VOD

Have the link to the VOD?

Description

Time

  • Played on: April 2, 2015, 12:39 p.m.
  • Length: 6:37

All games in this series

Show
View Real Time Build Order
Export as new Build Order

desRow Protoss 

Build Orders: Oracle Opening, Oracle Opening 

Get SALT Encoding   

  12  0:11  Pylon  
  12  0:12  Probe  
  13  0:24  Probe  
  14  0:32  Gateway  
  14  0:38  Probe  
  14  0:42  Assimilator  
  15  0:49  Assimilator  
  15  0:50  Probe (Chrono Boost)  
  16  0:58  Pylon  
  16  1:02  Probe (Chrono Boost)  
  17  1:09  Probe (Chrono Boost)  
  18  1:20  Cybernetics Core, Probe (Chrono Boost)  
  19  1:31  Probe (Chrono Boost)  
  20  1:38  Probe (Chrono Boost)  
  21  1:49  Probe (Chrono Boost)  
  22  2:00  Probe (Chrono Boost)  
  23  2:06  Probe (Chrono Boost), Stargate  
  23  2:10  Zealot  
  25  2:18  Mothership Core (Chrono Boost)  
  25  2:19  Pylon  
  27  2:32  Probe  
  28  2:44  Probe  
  28  2:51  Oracle (Chrono Boost)  
  29  2:56  Gateway  
  32  3:00  Warp Gate  
  32  3:12  Gateway, Pylon  
  30  3:29  Oracle (Chrono Boost)  
  25  3:34  Probe  
  21  3:46  Probe (Chrono Boost)  
  21  3:55  Pylon  
  21  3:58  Probe (Chrono Boost)  
  21  4:05  Probe (Chrono Boost)  
  22  4:16  Probe  
  23  4:17  Gateway  
  23  4:18  Zealot x2  
  23  4:21  Sentry  
  22  4:38  Probe (Chrono Boost)  
  22  4:48  Probe (Chrono Boost)  
  23  4:55  Probe (Chrono Boost)  
  24  5:06  Probe (Chrono Boost)  
  25  5:12  Probe (Chrono Boost)  
  26  5:24  Probe (Chrono Boost)  
  27  5:33  Probe (Chrono Boost)  
  28  5:41  Probe  
  29  5:53  Probe  
  30  6:06  Probe (Chrono Boost)  
  28  6:17  Probe (Chrono Boost)  
  29  6:23  Probe (Chrono Boost)  
  29  6:25  Sentry  
  29  6:26  Zealot x2  
Show
View Real Time Build Order
Export as new Build Order

souL Zerg - Winner!

Build Orders: Pool First 

Get SALT Encoding   

  12  0:02  Drone  
  13  0:12  Drone  
  14  0:17  Extractor  
  14  0:19  Drone  
  14  0:33  Spawning Pool  
  14  0:35  Drone  
  14  0:44  Overlord  
  14  0:50  Extractor  
  14  0:51  Drone  
  15  1:20  Metabolic Boost, Roach Warren  
  14  1:27  Queen  
  14  1:31  Zergling x2  
  17  1:40  Overlord  
  17  2:00  Roach x2  
  21  2:01  Roach  
  23  2:12  Overlord  
  23  2:23  Zergling x2  
  24  2:33  Zergling x2  
  25  2:40  Zergling x2  
  25  2:41  Zergling x6  
  25  2:43  Ravager  
  25  2:44  Ravager  
  31  2:47  Zergling x2  
  32  3:00  Zergling x2  
  33  3:08  Ravager  
  34  3:14  Zergling x8  
  33  3:37  Queen  
  33  3:39  Spore Crawler  
  26  3:52  Drone x4  
  26  3:53  Drone  
  28  4:02  Drone x2  
  30  4:12  Drone  
  31  4:34  Hatchery  
  31  4:35  Drone x3  
  31  4:37  Drone  
  28  4:42  Drone  
  28  4:43  Drone  
  30  4:52  Overlord  
  30  4:56  Extractor  
  29  5:07  Zergling x2  
  29  5:08  Zergling x8  
  34  5:19  Roach  
  34  5:20  Spore Crawler  
  35  5:27  Roach  
  37  5:41  Drone x5  
  42  5:48  Overlord  
  42  6:04  Drone  
  42  6:05  Drone x2  
  47  6:12  Drone x2  
  47  6:13  Drone  
  47  6:17  Drone  
  49  6:25  Drone x3  
  52  6:32  Extractor  
  52  6:33  Extractor  

Tags
 
Add a new tag
Caveats
  • Supply blocks, unpowered buildings, or Contaminate may cause inaccurate times.
  • Supply counts are checked every 10 seconds.